 Dungeon Crawl Stone Soup version 0.20-a0-738-gb057e68 (webtiles) character file.

109 Gorglomux the Sneak (level 4, 0/21 HPs)
             Began as a Spriggan Enchanter on Feb 23, 2017.
             Slain by a hobgoblin
             ... wielding a +0 club
              (3 damage)
             ... on level 2 of the Dungeon.
             The game lasted 00:08:43 (3571 turns).

Gorglomux the Sneak (Spriggan Enchanter)            Turns: 3571, Time: 00:08:44

Health: 0/21       AC:  2    Str:  4    XL:     4   Next: 60%
Magic:  7/9        EV: 18    Int: 17    God:
Gold:   78         SH:  0    Dex: 16    Spells: 2/8 levels left

rFire    . . .     SeeInvis +   a - +1 dagger
rCold    . . .     Gourm    .   b - +0 robe
rNeg     . . .     Faith    .   (shield restricted)
rPois    .         Spirit   .   (helmet restricted)
rElec    .         Reflect  .   (no cloak)
rCorr    .         Harm     .   (gloves unavailable)
MR       .....                  (boots unavailable)
Stlth    +++.......             (no amulet)
Regen    0.1/turn               (no ring)
MPRegen  0.2/turn               (no ring)

@: slowed, quick
A: unfitting armour, see invisible, herbivore 3, speed 3, slow metabolism 2
a: no special abilities


You were on level 2 of the Dungeon.
You were not hungry.

You visited 1 branch of the dungeon, and saw 2 of its levels.

You collected 78 gold pieces.

Inventory:

Hand Weapons
 a - a +1 dagger (weapon)
Missiles
 g - 43 stones (quivered)
 k - 9 sling bullets
Armour
 b - a +0 robe (worn)
 f - a +0 buckler
Scrolls
 l - 3 scrolls of identify {unknown}
 n - a scroll of enchant armour {unknown}
 q - a scroll of teleportation {unknown}
 r - a scroll of remove curse {unknown}
 s - a scroll of magic mapping {unknown}
 t - a scroll of amnesia {unknown}
Potions
 h - 2 potions of cancellation {unknown}
 i - a potion of mutation {unknown}
 m - a potion of agility {unknown}
 o - a potion of lignification {unknown}
 p - a potion of degeneration {unknown}
Books
 c - a book of Maledictions

   Spells                             Type                      Level
   a - Corona                         Hexes                        1
   b - Ensorcelled Hibernation        Hexes/Ice                    2
   c - Confuse                        Hexes                        3
   d - Tukima's Dance                 Hexes                        3
   e - Dazzling Spray                 Conjuration/Hexes            3
Comestibles
 d - 2 bread rations


   Skills:
 + Level 3.5 Short Blades
 - Level 3.0 Dodging
 + Level 6.6 Stealth
 - Level 2.6 Spellcasting
 - Level 3.6 Hexes


You had 2 spell levels left.
You knew the following spells:

 Your Spells              Type           Power        Failure   Level  Hunger
a - Corona                Hex            ##.....      4%          1    #......
x - Confuse               Hex            ##......     14%         3    ###....
z - Ensorcelled Hibernat  Hex/Ice        #.....       17%         2    ##.....


Dungeon Overview and Level Annotations

Branches:
Dungeon (2/15)

Altars:
The Shining One

Annotations:
D:2 Natasha


Innate Abilities, Weirdness & Mutations

You are very small and have problems with some larger weapons.
You are too small for most types of armour.
You have supernaturally acute eyesight. (SInv)
You are a herbivore.
You cover ground extremely quickly.
You need consume almost no food.


Message History

The hobgoblin is moderately wounded.
The hobgoblin barely misses you. Natasha casts a spell at you.
You feel yourself slow down.
You closely miss the hobgoblin.
The hobgoblin is moderately wounded.
The hobgoblin misses you. Natasha claws you but does no damage.
You closely miss the hobgoblin.
The hobgoblin is moderately wounded.
Natasha claws you. The hobgoblin hits you with a club.
You are too injured to fight recklessly!
Casting: Ensorcelled Hibernation
Confirm with . or Enter, or press ? or * to list all spells.
Aiming: Ensorcelled Hibernation
Press: ? - help, Shift-Dir - straight line, f - Natasha
Aim: Natasha (chance to defeat MR: 39%) Natasha resists with some effort.
Natasha claws you!
* * * LOW HITPOINT WARNING * * *
The hobgoblin hits you with a club.
You die...

#............######......##.##
..............#####.........##
.........####.................#
###.......# ####...#.......##))
.#######.........###.
........##...........
#######..#.....######
#####.......# #@..........#
#..gh#.......###
#.....##.####..... ....... ..#
#..... )........## ####
......... ......... .........
......


You could see Natasha and a hobgoblin.

Vanquished Creatures
  3 gnolls (D:2)
  An adder (D:2)
  2 worms (D:2)
  2 dart slugs
  2 leopard geckos
  2 ball pythons (D:2)
  4 giant cockroaches
  4 goblins
  6 hobgoblins
  8 jackals
  6 kobolds
  2 quokkas
  5 bats
  5 frilled lizards
  5 rats
57 creatures vanquished.

Vanquished Creatures (others)
  A rat (D:2)
1 creature vanquished.

Grand Total: 58 creatures vanquished

Notes
Turn   | Place    | Note
-------+----------+-------------------------------------------
     0 | D:1      | Gorglomux the Spriggan Enchanter began the quest for the Orb.
     0 | D:1      | Reached XP level 1. HP: 9/9 MP: 5/5
   723 | D:1      | Reached XP level 2. HP: 10/13 MP: 4/6
   848 | D:1      | Learned a level 2 spell: Ensorcelled Hibernation
   936 | D:1      | Reached skill level 5 in Stealth
  1317 | D:1      | Reached XP level 3. HP: 10/16 MP: 8/8
  2032 | D:2      | Reached skill level 6 in Stealth
  2286 | D:2      | Learned a level 3 spell: Confuse
  2680 | D:2      | Found a glowing golden altar of the Shining One.
  2684 | D:2      | Reached skill level 3 in Short Blades
  2691 | D:2      | Reached XP level 4. HP: 2/21 MP: 6/9
  3497 | D:2      | Became a worshipper of the Shining One
  3561 | D:2      | Noticed Natasha
  3562 | D:2      | Fell from the grace of the Shining One
  3571 | D:2      | Slain by a hobgoblin

Vault maps used:
D:1:      nicolae_arrival_washed_ashore, minivault_14,
          hangedman_abyss_or_decor_lesser_grid
D:2:      tso_metal_star, bh_walls_and_bars, uniq_natasha

Skill      XL: |  1  2  3 |
---------------+----------+-----
Short Blades   | 2 3 |  3.5
Stealth        | 5 6 |  6.6
Dodging        | |  3.0
Spellcasting   | |  2.6
Hexes          | |  3.6

Action                   |  1- 3 |  4- 6 || total
-------------------------+-------+-------++-------
Melee: Dagger            |   231 |    66 ||   297
Throw: Stone             |    30 |    42 ||    72
 Cast: Corona            |    11 |     1 ||    12
       Ensorcelled Hiber |     9 |     6 ||    15
Invok: Renounce Religion |       |     1 ||     1
 Stab: Sleeping          |    18 |     4 ||    22
  Eat: Royal jelly       |       |     1 ||     1
Armor: Robe              |    35 |    10 ||    45
Dodge: Dodged            |   252 |    79 ||   331
